 Dungeon Crawl Stone Soup version 0.30-a0-778-g2ef04afb54 (webtiles) character file.

Game seed: 11800197717811749806

4 Zenkrye the Poker (level 1, -1/18 HPs)
             Began as a Human Cinder Acolyte on Feb 16, 2023.
             Was a High Priest of Ignis.
             Slain by a kobold
             ... wielding a +0 spear
              (5 damage)
             ... on level 1 of the Dungeon.
             The game lasted 00:00:38 (78 turns).

Zenkrye the Poker (Human Cinder Acolyte)              Turns: 78, Time: 00:00:38

Health: -1/18      AC:  2    Str: 14    XL:     1   Next: 77%
Magic:  2/2        EV: 11    Int: 14    God:    Ignis [*****.]
Gold:   0          SH:  0    Dex:  8    Spells: 2/2 levels left

rFire   + . .      SeeInvis .    a - -1 spear (flame)
rCold   . . .      Faith    .    (no shield)
rNeg    . . .      Spirit   .    b - +0 robe
rPois   .          Reflect  .    (no helmet)
rElec   .          Harm     .    (no cloak)
rCorr   .          Rampage  .    (no gloves)
Will    .....                    (no boots)
Stlth   +                        (no amulet)
HPRegen 0.23/turn                (no ring)
MPRegen 0.08/turn                (no ring)

@: brilliant
A: no striking features
a: Renounce Religion, Fiery Armour, Foxfire Swarm, Rising Flame


You were on level 1 of the Dungeon.
You worshipped Ignis.
Ignis was extremely pleased with you.
You visited 1 branch of the dungeon, and saw 1 of its levels.

Inventory:

Hand Weapons
 a - a -1 spear of flaming (weapon)
Armour
 b - a +0 robe (worn)


   Skills:
 - Level 3.0 Fighting
 * Level 3.2 Polearms
 - Level 1.0 Spellcasting
 + Level 3.1 Fire Magic


You had 2 spell levels left.
You didn't know any spells.
Your spell library contained the following spells:

 Spells                   Type           Power      Damage    Failure   Level
 Scorch                   Fire           28%        2d6       11%         2


Dungeon Overview and Level Annotations

Branches:
Dungeon (1/15)

Altars:


Message History

The kobold closely misses you.
You reach to attack!
You hit the kobold. You burn the kobold.
The kobold is severely wounded.
The kobold hits you from afar with a +0 spear.
You are too injured to fight recklessly!
You are too injured to fight recklessly!
You are too injured to fight recklessly!
Reach: a) -1 spear (flame)
Press: ? - help, Dir - move target, f/p - kobold
Aim: a kobold, wielding a +0 spear (severely wounded, about 50% to evade your -1 spear of flaming)
You reach to attack!
You hit the kobold but do no damage.
The kobold is severely wounded.
The kobold barely misses you.
Reach: a) -1 spear (flame)
Press: ? - help, Dir - move target, f/p - kobold
Aim: a kobold, wielding a +0 spear (severely wounded, about 50% to evade your -1 spear of flaming)
You reach to attack!
You barely miss the kobold.
The kobold is severely wounded.
The kobold hits you from afar with a +0 spear.
* * * LOW HITPOINT WARNING * * *
The kobold hits you with a +0 spear.
* * * LOW HITPOINT WARNING * * *
A dart slug comes into view.
You closely miss the kobold.
The kobold is severely wounded.
The kobold barely misses you. The dart slug launches a dart at you.
The slug dart hits you.
* * * LOW HITPOINT WARNING * * *
You closely miss the kobold.
The kobold is severely wounded.
The kobold closely misses you.
It was a potion of curing.
You feel better. The dart slug launches a dart at you.
The slug dart misses you. The kobold hits you with a +0 spear.
* * * LOW HITPOINT WARNING * * *
It was a potion of brilliance.
You feel clever all of a sudden. The kobold hits you with a +0 spear.
You die...

#...............#
#........).####..
#........†.#
#.......()###
#..........####
#.....###....#
###. #####.
####.# ##.....
#.######.###....#
#........@K.†..#
#............#.##
#.#$.....###...#
#......# ###w#
##..#### .# #.# #
#. ..


You could see a dart slug and a kobold.

Vanquished Creatures
  A ball python (D:1)
  A giant cockroach (D:1)
  A goblin (D:1)
  A kobold (D:1)
4 creatures vanquished.

Notes
Turn   | Place    | Note
-------+----------+-------------------------------------------
     0 | D:1      | Zenkrye the Human Cinder Acolyte began the quest for the
                  | Orb.
     0 | D:1      | Reached XP level 1. HP: 18/18 MP: 2/2
    78 | D:1      | Slain by a kobold

Illustrated notes

Levels and vault maps discovered:
D:1:      wander_arrival_desolate, layout_rooms, serial_shops,
          nicolae_shop_hallway_plus, minmay_misc_feat_tower

Action                     || total
---------------------------++-------
  Melee: Spear             ||    28
         Punch             ||     1
    Use: Potion            ||     2
 Armour: Robe              ||     5
  Dodge: Dodged            ||    12

Table legend: (Time is in decaauts)
 A = Elapsed time spent in this place.
 B = Non-inter-level travel time spent in this place.
 C = Inter-level travel time spent in this place.
 D = Time resting spent in this place.
 E = Time spent auto-exploring this place.
 F = Levels seen in this place.
 G = Mean time per level.
                   A        B        C        D        E       F      G
               +--------+--------+--------+--------+--------+-----+--------+
         Total |     76 |     76 |      0 |      0 |     35 |   1 |   76.0 |
       Dungeon |     76 |     76 |      0 |      0 |     35 |   1 |   76.0 |
               +--------+--------+--------+--------+--------+-----+--------+

Top non-repeatable levels by time:
     D:1: 76 daAuts
